 Dungeon Crawl Stone Soup version 0.21-a0-525-ga34b322 (webtiles) character file.

14 Amnesiac the Shooter (level 2, 0/22 HPs)
             Began as a Mummy Hunter on Dec 7, 2017.
             Slain by a leopard gecko (1 damage)
             ... on level 1 of the Dungeon.
             The game lasted 00:01:29 (274 turns).

Amnesiac the Shooter (Mummy Hunter)                  Turns: 274, Time: 00:01:30

Health: 0/22       AC:  3    Str: 15    XL:     2   Next: 27%
Magic:  2/2        EV: 11    Int: 10    God:
Gold:   0          SH:  0    Dex: 12    Spells: 1/1 levels left

rFire    x . .     SeeInvis .   a - +1 shortbow
rCold    + . .     Gourm    .   (shield currently unavailable)
rNeg     + + +     Faith    .   c - +0 leather armour
rPois    ∞         Spirit   .   (no helmet)
rElec    .         Reflect  .   (no cloak)
rCorr    .         Harm     .   (no gloves)
MR       .....                  (no boots)
Stlth    +.........             (no amulet)
HPRegen  0.07/turn              (no ring)
MPRegen  0.08/turn              (no ring)

@: no status effects
A: no food or potions, fire vulnerability, cold resistance 1, negative energy
resistance 3, torment resistance, unbreathing
a: no special abilities


You were on level 1 of the Dungeon.
You were not hungry.

You visited 1 branch of the dungeon, and saw 1 of its levels.

Inventory:

Hand Weapons
 a - a +1 shortbow (weapon)
 b - a +0 halberd
 f - a +0 short sword
Missiles
 d - 25 arrows (quivered)
Armour
 c - a +0 leather armour (worn)
Scrolls
 e - a scroll of enchant weapon {!r, unknown}


   Skills:
 + Level 2.0 Fighting
 * Level 3.2 Bows
 + Level 1.6 Armour
 + Level 1.5 Dodging
 - Level 0.7 Stealth


You had one spell level left.
You didn't know any spells.

Dungeon Overview and Level Annotations

Branches:
Dungeon (1/15)

Altars:


Innate Abilities, Weirdness & Mutations

You do not eat or drink.
Your flesh is vulnerable to fire.
You are immune to poison.
Your flesh is cold resistant. (rC+)
You are immune to negative energy. (rN+++)
You are immune to unholy pain and torment.
You can survive without breathing.


Message History

The leopard gecko closely misses you.
You barely miss the leopard gecko. The leopard gecko bites you.
The leopard gecko barely misses you.
Your leather armour prevents you from hitting the leopard gecko.
The leopard gecko barely misses you. x2
You barely miss the leopard gecko. The leopard gecko closely misses you.
You miss the leopard gecko.
The leopard gecko closely misses you. x2
You miss the leopard gecko. The leopard gecko bites you. x2
* * * LOW HITPOINT WARNING * * *
a - a +1 shortbow (weapon)
The leopard gecko barely misses you.
Firing (i - inventory):
d - 32 arrows (quivered)
Press: ? - help, Shift-Dir - straight line, f/p - leopard gecko
Aim: a leopard gecko You shoot an arrow.
The arrow hits the leopard gecko but does no damage.
The leopard gecko barely misses you.
Firing (i - inventory):
d - 31 arrows (quivered)
Press: ? - help, Shift-Dir - straight line, f/p - leopard gecko
Aim: a leopard gecko You shoot an arrow.
The arrow hits the leopard gecko but does no damage.
The leopard gecko bites you.
* * * LOW HITPOINT WARNING * * *
Firing (i - inventory):
d - 30 arrows (quivered)
Press: ? - help, Shift-Dir - straight line, f/p - leopard gecko
Aim: a leopard gecko You shoot an arrow.
The arrow barely misses the leopard gecko.
The leopard gecko bites you.
* * * LOW HITPOINT WARNING * * *
The leopard gecko misses you.
Firing (i - inventory):
d - 29 arrows (quivered)
Press: ? - help, Shift-Dir - straight line, f/p - leopard gecko
Aim: a leopard gecko You shoot an arrow.
The arrow barely misses the leopard gecko.
The leopard gecko bites you.
* * * LOW HITPOINT WARNING * * *
You are too injured to fight recklessly!
You are too injured to fight recklessly!
You are too injured to fight recklessly!
You are too injured to fight recklessly!
Firing (i - inventory):
d - 28 arrows (quivered)
Press: ? - help, Shift-Dir - straight line, f/p - leopard gecko
Aim: a leopard gecko You shoot an arrow.
The arrow closely misses the leopard gecko.
The leopard gecko bites you but does no damage.
Firing (i - inventory):
d - 27 arrows (quivered)
Press: ? - help, Shift-Dir - straight line, f/p - leopard gecko
Aim: a leopard gecko You shoot an arrow.
The arrow hits the leopard gecko.
The leopard gecko is moderately wounded.
The leopard gecko bites you but does no damage.
The leopard gecko bites you.
* * * LOW HITPOINT WARNING * * *
Firing (i - inventory):
d - 26 arrows (quivered)
Press: ? - help, Shift-Dir - straight line, f/p - leopard gecko
Aim: a leopard gecko (moderately wounded)
You shoot an arrow.
The arrow closely misses the leopard gecko.
The leopard gecko bites you.
You die...

(#..#.## ... ......###.
...........(.. ..
............. ...
..#.....#..#
#..##.##......#
##.#...#..l..##
#..#.#...@....#.
#..............
#..#...........
##########..............
..†......#..............
#†##.8.8.#..............
.<.#..8..#.#.#..........
####.8.8.#...#..........
.........#...##........


You could see a leopard gecko.

Vanquished Creatures
  A gnoll (D:1)
  A goblin (D:1)
  A kobold (D:1)
  A rat (D:1)
4 creatures vanquished.

Notes
Turn   | Place    | Note
-------+----------+-------------------------------------------
     0 | D:1      | Amnesiac the Mummy Hunter began the quest for the Orb.
     0 | D:1      | Reached XP level 1. HP: 16/16 MP: 1/1
   219 | D:1      | Reached skill level 1 in Armour
   219 | D:1      | Reached XP level 2. HP: 22/22 MP: 2/2
   273 | D:1      | HP: 1/22 [leopard gecko (2)]
   274 | D:1      | Slain by a leopard gecko

Vault maps used:
D:1:      ncdulo_halloftheorcs

Skill      XL: |  1 |
---------------+----+-----
Armour         | 1 |  1.6
Fighting       | |  2.0
Bows           | |  3.2
Dodging        | |  1.5
Stealth        | |  0.7

Action                   || total
-------------------------++-------
Melee: Halberd           ||    10
 Fire: Shortbow          ||    25
Armor: Leather armour    ||     5
Dodge: Dodged            ||    21

Table legend:
 A = Spawn XP
 B = Non-spawn XP
 C = Spawn XP percentage of total XP
 D = Spawn monster count
 E = Non-spawn monster count
 F = Spawn count percentage of total count
 G = Total turns spent on level
                    A         B        C        D         E        F      G
               +---------+---------+-------+---------+---------+-------+---------
         Total |       0 |      20 |   0.0 |       0 |       4 |   0.0 |   274
               +---------+---------+-------+---------+---------+-------+---------
           D:1 |       0 |      20 |   0.0 |       0 |       4 |   0.0 |   274
               +---------+---------+-------+---------+---------+-------+---------
